 Dungeon Crawl Stone Soup version 0.21.1-1-g345015f (webtiles) character file.

85 goulibeur the Distorting Demonspawn (level 4, 0/35 HPs)
             Began as a Demonspawn Abyssal Knight on July 12, 2018.
             Was a Believer of Lugonu.
             Killed from afar by an orc wizard (2 damage)
             ... with a puff of flame
             ... on level 3 of the Dungeon.
             The game lasted 00:05:49 (2263 turns).

goulibeur the Distorting Demonspawn (DsAK)          Turns: 2263, Time: 00:05:50

Health: 0/35       AC:  5    Str: 13    XL:     4   Next: 25%
Magic:  7/7        EV: 11    Int: 13    God:    Lugonu [**....]
Gold:   61         SH:  0    Dex: 13    Spells: 3/3 levels left

rFire    . . .     SeeInvis .   q - +1 trident (protect)
rCold    . . .     Gourm    .   (no shield)
rNeg     . . .     Faith    .   r - +0 ring mail
rPois    .         Spirit   .   (helmet restricted)
rElec    .         Reflect  .   (no cloak)
rCorr    .         Harm     .   (no gloves)
MR       .....                  (no boots)
Stlth    +.........             i - amulet of magic regeneration
HPRegen  0.11/turn              s - ring of stealth
MPRegen  0.35/turn              (no ring)

@: confused
A: antennae 1, claws 2
a: Depart the Abyss, Bend Space, Renounce Religion


You were on level 3 of the Dungeon.
You worshipped Lugonu.
Lugonu was pleased with you.
You were hungry.

You visited 1 branch of the dungeon, and saw 3 of its levels.
You visited the Abyss 1 time.

You collected 61 gold pieces.

Inventory:

Hand Weapons
 a - a +1 short sword
 q - a +1 trident of protection (weapon)
Armour
 b - a +0 leather armour
 o - a +0 pair of gloves
 r - a +0 ring mail (worn)
 u - a +0 pair of gloves
Jewellery
 i - an amulet of magic regeneration (around neck)
 s - a ring of stealth (left claw)
Scrolls
 d - 5 scrolls of identify
 f - 2 scrolls of magic mapping {unknown}
 g - a scroll of fog {unknown}
 j - a scroll of remove curse {unknown}
 k - a scroll of blinking {unknown}
 l - 3 scrolls of teleportation {unknown}
 m - 2 scrolls of immolation {unknown}
 p - a scroll of enchant weapon {unknown}
Potions
 e - 3 potions of agility {unknown}
 h - 2 potions of curing {unknown}
 n - a potion of degeneration {unknown}
Comestibles
 c - 4 rations
 t - 2 chunks of flesh


   Skills:
 + Level 3.4 Fighting
 - Level 1.7 Short Blades
 + Level 2.3 Armour
 + Level 1.7 Dodging
 * Level 4.2 Invocations


You had 3 spell levels left.
You didn't know any spells.

Dungeon Overview and Level Annotations

Branches:
Dungeon (3/15)

Altars:


Innate Abilities, Weirdness & Mutations

You have a pair of small antennae on your head.
You have very sharp fingernails.


Message History

You feel less confused. Something hits you but does no damage.
You closely miss something.
You hear some strange, mumbled words.
You are confused.
You puncture something!
Your weapon exudes an aura of protection.
Something hits you but does no damage.
You miss something.
You hear some strange, mumbled words.
A puff of flame appears from out of thin air!
The puff of flame hits you!
* * * LOW HITPOINT WARNING * * *
Something hits you but does no damage.
You bump into the rock wall.
Something hits you but does no damage.
You bump into the rock wall.
You hear some strange, mumbled words.
A puff of flame appears from out of thin air!
The puff of flame hits you!
You die...

#...........#
#.P......##.#
#...P.......#
####.....############
##.#...<.........#
#.#####.#######.#
#.......# #.#
###############.#
#.o{@.....#
#######(#########
........# .......o###
.........>#
......oo### ........#
........# ........#


You could see an orc.

Vanquished Creatures
  2 adders
  An ooze (D:1)
  2 worms (D:2)
  A dart slug (D:2)
  A leopard gecko (D:3)
  3 orcs (D:3)
  2 ball pythons (D:2)
  3 giant cockroaches (D:2)
  4 goblins
  5 hobgoblins
  5 jackals (D:2)
  2 quokkas (D:2)
  5 bats
  A frilled lizard (D:2)
  5 kobolds
  7 rats
49 creatures vanquished.

Notes
Turn   | Place    | Note
-------+----------+-------------------------------------------
     0 | Abyss:1  | goulibeur the Demonspawn Abyssal Knight began the quest for the Orb.
     0 | Abyss:1  | Reached XP level 1. HP: 18/18 MP: 2/2
    46 | Abyss:1  | Noticed a small abomination
    47 | D:1      | Escaped the Abyss
    97 | D:1      | Reached skill level 1 in Dodging
   186 | D:1      | Gained mutation: You have a pair of small antennae on your head. [demonic ancestry]
   186 | D:1      | Reached XP level 2. HP: 21/24 MP: 4/4
   192 | D:1      | Reached * piety under Lugonu
   246 | D:1      | Reached skill level 3 in Invocations
   892 | D:2      | Gained mutation: You have sharp fingernails. [demonic ancestry]
   892 | D:2      | Reached XP level 3. HP: 13/29 MP: 5/5
  1974 | D:2      | Reached skill level 4 in Invocations
  2125 | D:3      | Gained mutation: You have very sharp fingernails. [demonic ancestry]
  2125 | D:3      | Reached XP level 4. HP: 34/35 MP: 7/7
  2225 | D:3      | Reached ** piety under Lugonu
  2263 | D:3      | Killed from afar by an orc wizard

Skill      XL: |  1  2  3 |
---------------+----------+-----
Dodging        | 1 |  1.7
Invocations    | 3 4 |  4.2
Armour         | 2 |  2.3
Fighting       | |  3.4
Short Blades   | |  1.7

Action                   |  1- 3 |  4- 6 || total
-------------------------+-------+-------++-------
Melee: Short sword       |    77 |       ||    77
       Trident           |    75 |    39 ||   114
Invok: Depart the Abyss  |     1 |       ||     1
  Use: Scroll            |     1 |       ||     1
 Stab: Sleeping          |     1 |       ||     1
  Eat: Chunk             |     4 |       ||     4
Armor: Leather armour    |    20 |       ||    20
       Ring mail         |    47 |    19 ||    66
Dodge: Dodged            |   102 |    24 ||   126
